Map: 宿怨战场-天梯版

Players

Toodming

  • Race: Zerg Zerg
  • League: Gold

Dark - Winner!

  • Race: Zerg Zerg
  • League: Gold

Event: WESG 2018 Grand Finals

VOD

Have the link to the VOD?

Description

Time

  • Played on: March 13, 2019, 3:37 a.m.
  • Length: 4:32

All games in this series

Show
View Real Time Build Order
Export as new Build Order

Toodming Zerg 

Build Orders: Hatch First, Zergling Baneling 

Get SALT Encoding   

  12  0:00  Drone  
  13  0:12  Overlord  
  13  0:17  Drone  
  14  0:30  Drone x2  
  16  0:49  Hatchery  
  15  0:52  Drone  
  15  0:55  Drone  
  17  0:59  Drone  
  18  1:09  Extractor  
  17  1:14  Spawning Pool  
  17  1:18  Drone  
  17  1:20  Drone  
  18  1:28  Drone  
  19  1:41  Overlord  
  19  1:56  Drone  
  19  2:01  Queen x2  
  20  2:03  Zergling x4  
  26  2:08  Metabolic Boost  
  26  2:13  Drone x2  
  28  2:21  Drone  
  28  2:22  Drone  
  30  2:36  Hatchery  
  29  2:40  Drone  
  29  2:41  Drone  
  31  2:48  Baneling Nest  
  30  2:52  Overlord  
  30  2:57  Drone x2  
  32  3:00  Drone  
  33  3:05  Drone  
  33  3:08  Zergling x2  
  33  3:09  Zergling x2  
  33  3:12  Drone  
  37  3:13  Drone  
  37  3:19  Zergling x6  
  41  3:22  Zergling x2  
  42  3:31  Zergling x4  
  44  3:37  Baneling x4  
  44  3:38  Overlord  
  44  3:40  Overlord  
  44  3:50  Zergling x10  
  48  3:58  Zergling x2  
  48  4:02  Zergling x4  
  46  4:09  Baneling x2  
  41  4:10  Baneling x2  
  41  4:13  Zergling x4  
Show
View Real Time Build Order
Export as new Build Order

Dark Zerg - Winner!

Build Orders: Hatch First, Zergling Baneling 

Get SALT Encoding   

  12  0:00  Drone  
  13  0:13  Overlord  
  13  0:17  Drone  
  14  0:32  Drone x2  
  16  0:37  Drone  
  17  0:51  Hatchery  
  17  0:54  Drone  
  17  0:59  Drone  
  18  1:08  Extractor  
  17  1:13  Spawning Pool  
  17  1:15  Drone  
  17  1:20  Drone  
  18  1:29  Drone  
  19  1:39  Drone  
  20  1:51  Overlord  
  20  1:59  Queen  
  22  2:03  Queen  
  22  2:06  Drone  
  22  2:07  Drone  
  26  2:09  Metabolic Boost  
  26  2:14  Drone  
  27  2:20  Zergling x2  
  28  2:23  Zergling x2  
  28  2:26  Drone  
  30  2:36  Hatchery  
  29  2:39  Drone  
  29  2:41  Drone  
  31  2:51  Baneling Nest  
  31  2:52  Drone  
  31  2:53  Overlord  
  31  2:58  Zergling x2, Drone  
  33  3:12  Zergling x10  
  38  3:13  Zergling x2  
  38  3:15  Zergling x2  
  38  3:18  Zergling x2  
  41  3:26  Zergling x2  
  41  3:27  Overlord  
  42  3:37  Baneling x2  
  42  3:41  Baneling x2  
  42  3:42  Baneling x2  
  42  3:43  Zergling x2  
  42  3:44  Zergling x2  
  42  3:48  Zergling x10  
  49  3:54  Zergling x2  
  49  3:55  Zergling x2  
  49  3:56  Zergling x2  
  49  3:57  Baneling  
  49  3:58  Baneling  
  49  4:00  Zergling x2  
  49  4:01  Baneling  
  51  4:03  Baneling  
  51  4:05  Zergling x4  
  53  4:13  Zergling x4  
  53  4:14  Zergling x2  
Tags
 
Add a new tag
Caveats
  • Supply blocks, unpowered buildings, or Contaminate may cause inaccurate times.
  • Supply counts are checked every 10 seconds.